 Dungeon Crawl Stone Soup version 0.18-a0-337-g1235303 (webtiles) character file.

2654 Raultor the Cleaver (level 9, -6/68 HPs)
             Began as a Formicid Fighter on Nov 28, 2015.
             Was a High Priest of Zin.
             Mangled by kosy22's ghost (21 damage)
             ... on level 8 of the Dungeon.
             The game lasted 00:23:12 (6230 turns).

Raultor the Cleaver (Formicid Fighter)              Turns: 6230, Time: 00:23:12

Health: -6/68      AC: 17    Str: 30    XL:     9   Next: 93%
Magic:  13/13      EV:  8    Int: 11    God:    Zin [*****.]
Gold:   543        SH: 13    Dex: 15    Spells: 0 memorised, 8 levels left

rFire  . . .     SeeInvis +     a - +0 war axe
rCold  . . .     Clarity  .     v - +0 plate armour
rNeg   . . .     SustAt   .     c - +1 shield
rPois  ∞         Gourm    +     (helmet unavailable)
rElec  .         Spirit   .     (no cloak)
rCorr  .         Warding  .     (no gloves)
rMut   .         Stasis   +     s - +0 pair of boots
MR     .....                    l - amulet of the gourmand
Stlth  ..........               y - +4 ring of protection
                                r - +1 ring of evasion

@: mighty, vitalised, not resistant to hostile enchantments, extremely
unstealthy
A: permanent stasis, dig shafts and tunnels, four strong arms, antennae 3
a: Dig, Shaft Self, Recite, Vitalisation, Imprison, Sanctuary, Donate Gold,
Renounce Religion


You were on level 8 of the Dungeon.
You worshipped Zin.
Zin was extremely pleased with you.
You were full.

You visited 2 branches of the dungeon, and saw 9 of its levels.

You collected 603 gold pieces.
You donated 60 gold pieces to Zin.

Inventory:

Hand Weapons
 a - a +0 war axe (weapon)
 E - a +1 morningstar of protection
Missiles
 G - a throwing net (quivered)
Armour
 b - a +0 scale mail
 c - a +1 shield (worn)
 s - a +0 pair of boots (worn)
 v - a +0 plate armour (worn)
Jewellery
 l - an amulet of the gourmand (around neck)
 r - a +1 ring of evasion (left hand)
 y - a +4 ring of protection (right hand)
 I - an uncursed ring of protection from cold {unknown}
Wands
 q - a wand of flame (17)
Scrolls
 f - 5 scrolls of identify
 h - a scroll of blinking {unknown}
 j - a scroll of amnesia
 k - a scroll of magic mapping
 m - a scroll of enchant armour
 n - 3 scrolls of remove curse
 x - 3 scrolls of fear
 B - a scroll of recharging {unknown}
Potions
 d - a potion of might
 g - a potion of brilliance
 u - 6 potions of curing
 C - a potion of heal wounds
 D - a potion of flight
Books
 i - Sif Muna's Compendium of Malediction
   (You found it on level 8 of the Dungeon)

   Spells                             Type                      Level
   a - Corona                         Hexes                        1
 w - a book of Callings

   Spells                             Type                      Level
   a - Summon Small Mammal            Summoning                    1
   b - Call Imp                       Summoning                    2
   c - Call Canine Familiar           Summoning                    3
   d - Summon Guardian Golem          Hexes/Summoning              3
   e - Summon Lightning Spire         Summoning/Air                4
   f - Summon Ice Beast               Ice/Summoning                4
 A - a book of Spatial Translocations

   Spells                             Type                      Level
   a - Apportation                    Translocation                1
   b - Blink                          Translocation                2
   c - Shroud of Golubria             Charms/Translocation         2
   d - Portal Projectile              Translocation                3
   e - Teleport Other                 Translocation                3
   f - Passage of Golubria            Translocation                4
Comestibles
 e - 3 bread rations
 o - 4 meat rations
 z - 4 fruits
 H - a beef jerky


   Skills:
 + Level 5.5 Fighting
 * Level 8.0 Axes
 + Level 5.9 Armour
 - Level 0.5 Dodging
 + Level 7.9 Shields
 * Level 6.5 Invocations
 + Level 0.2 Evocations


You had 8 spell levels left.
You didn't know any spells.

Dungeon Overview and Level Annotations

Branches:
Dungeon (8/15)             Temple (1/1) D:4
   Lair: D:8-11

Altars:
Ashenzari
Cheibriados
Dithmenos
Elyvilon
Fedhas
Gozag
Kikubaaqudgha
Makhleb
Nemelex Xobeh
Okawaru
Qazlal
Ru
Trog
Vehumet
Xom
Yredelemnul
Zin
The Shining One

Shops:
D:2 *

Annotations:
D:8 kosy22's ghost, novice TrFi


Innate Abilities, Weirdness & Mutations

You are under a permanent stasis effect.
You can dig through walls and to a lower floor.
Your four strong arms can wield two-handed weapons with a shield.
You have a pair of large antennae on your head (SInv).


Message History

You closely miss kosy22's ghost.
Kosy22's ghost is heavily damaged.
Kosy22's ghost is lost in a daze.
You hit kosy22's ghost.
Kosy22's ghost is severely damaged.
Kosy22's ghost barely misses you.
You slash kosy22's ghost!
Kosy22's ghost is severely damaged.
Kosy22's ghost is no longer dazed.
Kosy22's ghost hits you but does no damage.
Kosy22's ghost closely misses you.
You hit kosy22's ghost.
Kosy22's ghost is almost destroyed.
You have got your breath back.
Kosy22's ghost hits you.
* * * LOW HITPOINT WARNING * * *
You hit kosy22's ghost but do no damage.
Kosy22's ghost is severely damaged.
Kosy22's ghost hits you!!
You die...

..###....... .
#..........
....#.........
.............
....##...... ...........
.........W# .........@#
..........#######+#
..................#
####...#..........#
#####..........#......#
######.##......#......#
........†#......#.......
#########.......#.......
######....#..........


You could see kosy22's ghost.

Vanquished Creatures
  Prince Ribbit (D:7)
  2 orc warriors (D:5)
  2 sky beasts
  A phantom (D:5)
  A water moccasin (D:7)
  A black bear (D:6)
  3 ogres (D:5)
  2 centaurs
  A big kobold (D:7)
  2 scorpions
  4 wights (D:6)
  3 crimson imps
  A centaur zombie (D:6)
  A giant frog zombie (D:6)
  5 orc priests (D:5)
  A quasit (D:7)
  3 giant frog skeletons
  A jelly (D:7)
  2 hounds (D:5)
  9 orc wizards
  4 worker ants
  A hound zombie (D:5)
  A hound skeleton (D:7)
  2 worker ant zombies
  7 adders
  3 shadow imps
  2 oozes
  2 adder skeletons
  A worm (D:2)
  3 giant geckos
  14 orcs
  4 ball pythons
  7 goblins
  6 hobgoblins
  11 jackals
  10 kobolds
  3 quokkas
  6 bats
  4 giant cockroaches
  4 giant newts
  2 gnoll zombies (D:7)
  10 rats
  4 fungi (D:1)
157 creatures vanquished.

Vanquished Creatures (others)
  A giant newt (D:5)
1 creature vanquished.

Grand Total: 158 creatures vanquished

Notes
Turn   | Place    | Note
--------------------------------------------------------------
     0 | D:1      | Raultor the Formicid Fighter began the quest for the Orb.
     0 | D:1      | Reached XP level 1. HP: 18/18 MP: 1/1
    86 | D:1      | Reached XP level 2. HP: 20/24 MP: 2/2
   357 | D:1      | Reached XP level 3. HP: 14/29 MP: 3/3
   857 | D:2      | Found Zin's Purification Station.
   859 | D:2      | Found a glowing silver altar of Zin.
   921 | D:2      | Became a worshipper of Zin the Law-Giver
   921 | D:2      | Reached * piety under Zin
  1158 | D:2      | Reached skill level 4 in Shields
  1184 | D:2      | Reached XP level 4. HP: 22/36 MP: 4/4
  1284 | D:3      | Reached ** piety under Zin
  2251 | D:4      | Reached XP level 5. HP: 38/41 MP: 5/5
  2290 | D:4      | Reached skill level 1 in Invocations
  2349 | D:4      | Found a shimmering altar of Xom.
  2503 | D:4      | Found an opulent altar of Gozag.
  2528 | D:4      | Found a sparkling altar of Nemelex Xobeh.
  2618 | D:4      | Found a staircase to the Ecumenical Temple.
  2647 | Temple   | Entered the Ecumenical Temple
  3197 | D:5      | Entered Level 5 of the Dungeon
  3222 | D:5      | Reached *** piety under Zin
  3277 | D:5      | Reached XP level 6. HP: 47/47 MP: 7/7
  3299 | D:5      | Reached skill level 5 in Shields
  3369 | D:5      | Reached XP level 7. HP: 45/54 MP: 8/8
  3485 | D:5      | Reached skill level 5 in Axes
  3693 | D:5      | Reached XP level 8. HP: 39/61 MP: 8/10
  3818 | D:4      | Reached **** piety under Zin
  3928 | D:5      | Reached skill level 6 in Axes
  4163 | D:5      | Found a shattered altar of Ashenzari.
  4316 | D:5      | Reached skill level 5 in Armour
  4531 | D:6      | Reached skill level 5 in Fighting
  4645 | D:6      | Found a snail-covered altar of Cheibriados.
  4711 | D:6      | Found a radiant altar of Vehumet.
  4711 | D:6      | Found a burning altar of Makhleb.
  4840 | D:6      | Reached XP level 9. HP: 68/68 MP: 12/12
  4856 | D:6      | Reached skill level 5 in Invocations
  4967 | D:6      | Reached skill level 7 in Shields
  4993 | D:6      | Found a shimmering altar of Xom.
  5267 | D:7      | Reached ***** piety under Zin
  5466 | D:7      | Found an iron altar of Okawaru.
  5497 | D:7      | Found a basalt altar of Yredelemnul.
  5592 | D:7      | Noticed Prince Ribbit
  5829 | D:7      | Found a sacrificial altar of Ru.
  5871 | D:7      | Killed Prince Ribbit
  6091 | D:8      | Reached skill level 8 in Axes
  6123 | D:8      | Noticed kosy22's ghost (novice TrFi)
  6181 | D:8      | Identified Sif Muna's Compendium of Malediction
  6230 | D:8      | Mangled by kosy22's ghost

Vault maps used:
D:1:      dpeg_arrival_subterranean_lakeside_camping, dk_noncrumbling_2,
          minmay_gold_behind_fungi
D:2:      zin_purify
D:4:      marbit_many_paths, lemuel_crystal_altar, nemelex_deck,
          minmay_temple_entry_statues_pillars, first_bread
D:5:      evilmike_ruin_ashenzari, grunt_ministairs_6
D:6:      gammafunk_temple_overflow_forgotten, minmay_misc_feat_alley,
          xom_teletrap_fun
D:7:      lemuel_ice_spiral_2, lemuel_zombie_altar_yredelemnul,
          lemuel_doored_altar, nicolae_ru_great_annihilating_truth,
          uniq_prince_ribbit1
D:8:      led_sif_book
Temple:   minmay_temple_curvy_8

Action                   |  1- 3 |  4- 6 |  7- 9 || total
-------------------------+-------+-------+-------++-------
Melee: War axe           |   128 |   134 |   376 ||   638
       Morningstar       |       |       |    44 ||    44
Invok: Vitalisation      |       |       |     6 ||     6
       Recite            |       |       |     8 ||     8
 Abil: Dig               |       |     1 |     3 ||     4
Evoke: Wand              |       |       |     2 ||     2
  Use: Potion            |       |       |     3 ||     3
       Scroll            |       |       |    12 ||    12
 Stab: Invisible         |       |       |     1 ||     1
       Confused          |       |       |     2 ||     2
  Eat: Chunk             |     8 |     9 |    10 ||    27
